 Dungeon Crawl Stone Soup version 0.27.1 (webtiles) character file.

Game seed: 3891409358032571592

7042 VictoriousLee the Placeless Elf (level 10, -3/50 HPs)
             Began as a Deep Elf Conjurer on Aug 24, 2021.
             Was an Elder of Sif Muna.
             Shot with an arrow by a centaur warrior (19 damage)
             ... on level 8 of the Dungeon on Aug 25, 2021.
             The game lasted 01:04:27 (8821 turns).

VictoriousLee the Placeless Elf (Deep Elf Conjurer) Turns: 8821, Time: 01:04:28

Health: -3/50      AC:  9    Str:  4    XL:     10   Next: 83%
Magic:  12/18      EV: 11    Int: 31    God:    Sif Muna [****..]
Gold:   359        SH:  5    Dex: 25    Spells: 2/17 levels left

rFire    . . .     SeeInvis .   C - +3 dagger
rCold    + . .     Faith    .   z - +0 buckler
rNeg     . . .     Spirit   .   k - +2 leather armour {rC+}
rPois    .         Reflect  .   F - +0 helmet
rElec    +         Harm     .   (no cloak)
rCorr    .         Rampage  .   c - +2 pair of gloves of the Echidna {Drain rElec Int+4 Dex+6}
Will     +....                  (no boots)
Stlth    +++.......             s - amulet of magic regeneration
HPRegen  0.16/turn              r - +6 ring of dexterity
MPRegen  0.41/turn              (no ring)

@: no status effects
A: no striking features
a: Renounce Religion, Channel Magic, Forget Spell, Divine Exegesis


You were on level 8 of the Dungeon.
You worshipped Sif Muna.
Sif Muna was greatly pleased with you.
You visited 1 branch of the dungeon, and saw 8 of its levels.

You collected 359 gold pieces.

Inventory:

Hand Weapons
 h - a +1 vorpal flail
 p - a +0 falchion
 q - a +1 whip of freezing
 C - a +3 dagger (weapon)
 D - a +1 hunting sling of freezing
 M - a +0 broad axe
Missiles
 d - 198 stones
 g - 13 boomerangs
 j - 42 arrows
 t - 3 throwing nets
 G - 16 poisoned darts
Armour
 a - a +0 robe
 c - the +2 pair of gloves of the Echidna (worn) {Drain rElec Int+4 Dex+6}
   (You acquired it on level 5 of the Dungeon)

   Int:       It affects your intelligence (+4).
   Dex:       It affects your dexterity (+6).
   rElec:     It insulates you from electricity.
   Drain:     It drains your maximum health when unequipped.
 k - a +2 leather armour of cold resistance (worn)
 o - +2 acid dragon scales
 u - a scarf of shadows
 z - a +0 buckler (worn)
 F - a +0 helmet (worn)
 H - a +2 ring mail of fire resistance
 N - a +1 leather armour of willpower
 P - a +0 cloak
Jewellery
 r - a +6 ring of dexterity (left hand)
 s - an amulet of magic regeneration (around neck)
 L - a ring of protection from cold
Wands
 f - a wand of flame (10)
 y - a wand of acid (6)
 K - a wand of iceblast (8)
Scrolls
 b - a scroll of noise {unknown}
 l - 3 scrolls of teleportation {unknown}
 m - 2 scrolls of amnesia {unknown}
 w - a scroll of fear {unknown}
 O - a scroll of magic mapping
Potions
 e - a potion of berserk rage
 i - 3 potions of flight
 n - 2 potions of resistance
 v - 3 potions of lignification
 A - 3 potions of attraction
 B - 3 potions of curing
 E - a potion of brilliance {unknown}
 I - 2 potions of haste
 J - a potion of ambrosia {unknown}


   Skills:
 - Level 2.4 Dodging
 - Level 2.4 Stealth
 - Level 1.0 Shields
 - Level 4.0 Spellcasting
 - Level 9.2 Conjurations
 * Level 11.8 Translocations
 - Level 7.4 Ice Magic
 - Level 7.0 Air Magic


You had 2 spell levels left.
You knew the following spells:

 Your Spells              Type           Power      Damage    Failure   Level
a - Magic Dart            Conj           100%       1d8       1%          1
b - Iskenderun's Mystic   Conj/Tloc      63%        2d13      1%          4
f - Frozen Ramparts       Ice            100%       1d12      2%          3
s - Searing Ray           Conj           100%       3d7       1%          2
z - Freezing Cloud        Conj/Ice/Air   26%        6-21      17%         5

Your spell library contained the following spells:

 Spells                   Type           Power      Damage    Failure   Level
 Corpse Rot               Necr/Air       N/A        N/A       5%          2
 Poisonous Vapours        Pois/Air       54%        N/A       5%          2
 Dazzling Flash           Conj/Hex       68%        N/A       7%          3
 Fulminant Prism          Conj/Hex       17%        3d11      24%         4
 Ice Form                 Ice/Tmut       29%        N/A       34%         4
 Summon Ice Beast         Ice/Summ       29%        N/A       34%         4


Dungeon Overview and Level Annotations

Branches:
Dungeon (8/15)             Temple (0/1) D:5            Lair (0/6) D:8

Altars:
Dithmenos
Hepliaklqana
Okawaru
Sif Muna
Xom

Shops:
D:3 [   D:5 (*   D:6 (

Annotations:
D:4 2 runed translucent doors, Ravenswing17's ghost, novice VSFi
D:8 1 runed translucent door, exclusion: 3 oklob plants, Spaninq's ghost, novice OgEE


Message History

The basilisk is severely wounded.
The centaur warrior shoots an arrow.
The arrow hits you! The basilisk gazes at you.
You easily resist.
The centaur warrior shoots an arrow.
The arrow barely misses you.
The searing ray hits the basilisk!
The basilisk is almost dead.
The centaur warrior shoots an arrow.
The arrow closely misses you. The basilisk gazes at you.
You easily resist.
The searing ray hits the basilisk!
You kill the basilisk!
Sif Muna accepts your kill.
You can now call upon Sif Muna to cast any spell from your library.
You finish channeling your searing ray.
The centaur warrior shoots an arrow.
The arrow hits you!
The centaur warrior shoots an arrow.
The arrow hits you!
* * * LOW HITPOINT WARNING * * *
Okay, then.
You feel much better.
Casting: Searing Ray (safe; 1% risk of failure)
Confirm with . or Enter, or press ? or * to list all spells.
Aiming: Searing Ray (safe; 1% risk of failure)
Press: ? - help, Shift-Dir - straight line, f - centaur warrior
Aim: a centaur warrior, wielding a +0 shortbow and quivering arrows (87% to hit)
The searing ray hits the centaur warrior.
The centaur warrior is lightly wounded. (Press . to maintain the ray.)
The centaur warrior shoots an arrow.
The arrow hits you.
The searing ray hits the centaur warrior!
The centaur warrior is moderately wounded.
The centaur warrior shoots an arrow.
The arrow hits you!
The centaur warrior shoots an arrow.
The arrow hits you!
The searing ray hits the centaur warrior.
The centaur warrior is moderately wounded.
The centaur warrior shoots an arrow.
The arrow closely misses you.
The searing ray hits the centaur warrior!
The centaur warrior is heavily wounded.
You finish channeling your searing ray.
The centaur warrior shoots an arrow.
The arrow hits you!!
You die...

...#.................)###########
...#............>.....)...# ...#
.................###.# ...#
.....................# .... ....
.#.......####### ..##. #.......#
... .. ##.....## ... ..
...###...### .......@†..#####
........#........#
........#..>......
#......#.#.......
#......#c........
##......#.........
..................
...............P.P
.......<.......>.


You could see a centaur warrior.

Vanquished Creatures
  A two-headed ogre (D:8)
  A death yak (D:8)
  Pikel (D:7)
  An elephant (D:8)
  Maurice (D:8)
  Maggie (D:6)
  2 trolls
  Eustachio (D:6)
  A basilisk (D:8)
  6 yaks (D:8)
  Grum (D:8)
  A floating eye (D:8)
  2 water moccasins (D:7)
  An ice beast (D:7)
  4 ogres
  3 black bears (D:8)
  3 wolves (D:8)
  A centaur (D:8)
  2 phantoms (D:7)
  A kobold brigand (D:3)
  2 bullfrogs
  A water moccasin zombie (D:6)
  2 scorpions (D:5)
  A killer bee (D:8)
  A water moccasin skeleton (D:6)
  4 hounds
  A bullfrog zombie (D:5)
  An orc priest (D:5)
  A bullfrog skeleton (D:6)
  2 iguanas
  A scorpion zombie (D:5)
  Ijyb (D:5)
  4 orc wizards
  A killer bee zombie (D:8)
  A howler monkey zombie (D:8)
  Robin (D:4)
  25 gnolls
  A shadow imp (D:5)
  A white imp (D:7)
  2 ufetubi
  34 orcs
  5 ball pythons
  6 endoplasms
  2 giant cockroaches
  11 goblins
  6 hobgoblins
  18 jackals
  7 kobolds
  2 quokkas (D:2)
  2 bats (D:1)
  A frilled lizard (D:1)
  2 rats
185 creatures vanquished.

Vanquished Creatures (others)
  19 plants
19 creatures vanquished.

Grand Total: 204 creatures vanquished

Notes
Turn   | Place    | Note
-------+----------+-------------------------------------------
     0 | D:1      | VictoriousLee the Deep Elf Conjurer began the quest for the
                  | Orb.
     0 | D:1      | Reached XP level 1. HP: 10/10 MP: 6/6
   325 | D:1      | Reached XP level 2. HP: 15/15 MP: 5/8
   328 | D:1      | Learned a level 2 spell: Searing Ray
   379 | D:1      | Reached skill level 5 in Conjurations
   509 | D:1      | Found a faded altar of an unknown god.
  1124 | D:2      | Reached XP level 3. HP: 19/19 MP: 5/9
  1670 | D:3      | Found a shimmering blue altar of Sif Muna.
  1676 | D:3      | Became a worshipper of Sif Muna the Loreminder
  1709 | D:3      | Found Akehiuli's Armour Shop.
  1846 | D:3      | Noticed an ogre
  1855 | D:3      | Killed an ogre
  1856 | D:3      | Reached XP level 4. HP: 24/24 MP: 5/10
  1923 | D:3      | Reached XP level 5. HP: 28/28 MP: 5/11
  2160 | D:3      | Found an iron altar of Okawaru.
  2558 | D:3      | Reached * piety under Sif Muna
  2767 | D:3      | Reached XP level 6. HP: 14/32 MP: 5/13
  3309 | D:3      | Reached skill level 1 in Ice Magic
  3408 | D:3      | Reached ** piety under Sif Muna
  3911 | D:3      | Reached XP level 7. HP: 29/36 MP: 9/15
  3971 | D:3      | Learned a level 3 spell: Frozen Ramparts
  4257 | D:4      | Found a large runed translucent door.
  4257 | D:4      | Found a large runed translucent door.
  4258 | D:4      | Noticed Ravenswing17's ghost (novice VSFi)
  4368 | D:4      | Noticed Robin
  4372 | D:4      | Killed Robin
  4411 | D:4      | Found a shadowy altar of Dithmenos.
  4489 | D:4      | Reached skill level 5 in Ice Magic
  4637 | D:5      | Entered Level 5 of the Dungeon
  4692 | D:5      | Found a hazy altar of Hepliaklqana.
  4693 | D:5      | Found a shimmering altar of Xom.
  4694 | D:5      | Noticed a spectral ugly thing
  4706 | D:5      | Found Nassiemm's Assorted Antiques.
  4867 | D:5      | Reached *** piety under Sif Muna
  5008 | D:5      | Reached XP level 8. HP: 41/41 MP: 11/16
  5094 | D:5      | Learned a level 5 spell: Freezing Cloud
  5128 | D:5      | Found Fekaz's Antique Weapon Boutique.
  5154 | D:5      | Reached skill level 1 in Air Magic
  5478 | D:5      | Noticed Ijyb
  5486 | D:5      | Killed Ijyb
  5676 | D:5      | Reached skill level 1 in Shields
  5703 | D:5      | Found a staircase to the Ecumenical Temple.
  5761 | D:6      | Noticed a troll
  5771 | D:6      | Killed a troll
  6004 | D:6      | Reached skill level 5 in Air Magic
  6161 | D:6      | Found Fic Suzu's Weapon Emporium.
  6164 | D:6      | Noticed Maggie
  6166 | D:6      | Noticed Eustachio
  6173 | D:6      | Killed Maggie
  6175 | D:6      | Killed Eustachio
  6176 | D:6      | Reached XP level 9. HP: 35/45 MP: 10/17
  6356 | D:5      | Identified a scroll of acquirement
  6356 | D:5      | Acquired the +2 pair of gloves of the Echidna {Drain rElec
                  | Int+4 Dex+6}
  7144 | D:7      | Learned a level 4 spell: Iskenderun's Mystic Blast
  7427 | D:8      | Noticed an oklob plant
  7427 | D:8      | Noticed an oklob plant
  7442 | D:8      | Noticed Maurice
  7443 | D:8      | Noticed Grum
  7665 | D:8      | Reached skill level 2 in Translocations
  7668 | D:8      | Reached skill level 3 in Translocations
  7669 | D:8      | Reached skill level 4 in Translocations
  7670 | D:8      | Reached skill level 5 in Translocations
  7672 | D:8      | Reached skill level 6 in Translocations
  7704 | D:8      | Found a runed translucent door.
  7704 | D:8      | Noticed Spaninq's ghost (novice OgEE)
  7718 | D:8      | Noticed Pikel
  7738 | D:7      | Killed Pikel
  7739 | D:7      | Reached skill level 7 in Translocations
  7862 | D:8      | Reached XP level 10. HP: 50/50 MP: 11/18
  7977 | D:8      | Reached skill level 8 in Translocations
  8031 | D:8      | Noticed a death yak
  8047 | D:8      | Killed a death yak
  8048 | D:8      | Reached skill level 9 in Translocations
  8282 | D:8      | Found a staircase to the Lair.
  8303 | D:8      | Killed Grum
  8321 | D:8      | Reached skill level 10 in Translocations
  8369 | D:8      | Noticed an oklob plant
  8515 | D:8      | Noticed an elephant
  8536 | D:8      | Killed an elephant
  8633 | D:8      | Noticed a two-headed ogre
  8644 | D:8      | Killed a two-headed ogre
  8645 | D:8      | Reached skill level 11 in Translocations
  8773 | D:8      | Killed Maurice
  8792 | D:8      | Noticed a manticore
  8811 | D:8      | Noticed a centaur warrior
  8815 | D:8      | Reached **** piety under Sif Muna
  8821 | D:8      | Shot with an arrow by a centaur warrior

Illustrated notes

Levels and vault maps discovered:
D:1:      psy_arrival_radial02, layout_basic,
          shapermc_ecumenical_altar_mp_urbaneastern
D:2:      layout_basic, st_stairs_9
D:3:      lemuel_castle_with_subvaults [lemuel_castle_interior_carwin_1],
          layout_rooms, mainiacjoe_overflow_tiny_flanked,
          lemuel_coloured_pillars_altar, serial_shops, nicolae_shop_stone,
          kennysheep_decorative_pillar, kennysheep_generic_room_15
D:4:      layout_basic, nicolae_dithmenos_through_a_glass_darkly,
          ebering_ghost_disaster_area, cheibrodos_gnoll_hut, uniq_robin
D:5:      layout_loops_ring, regret_index_temple_of_mockery,
          minmay_temple_entry_from_below_a, serial_shops, shop, shop, uniq_ijyb
D:6:      layout_loops_ring, serial_shops, shop, uniq_maggie, uniq_eustachio
D:7:      layout_cave_pods
D:8:      minmay_ornate_pinched, layout_basic, david_lair_generic,
          hellmonk_ghost_happy_afterlife, disabler_island, uniq_maurice,
          uniq_grum, uniq_erica, uniq_pikel

Skill      XL: |  1  2  3  4  5  6  7  8  9 10 |
---------------+-------------------------------+-----
Conjurations   | 5 6 7 9 |  9.2
Spellcasting   | 4 |  4.0
Ice Magic      | 4 7 |  7.4
Air Magic      | 6 7 |  7.0
Shields        | 1 |  1.0
Translocations | 7 11 | 11.8
Dodging        | |  2.4
Stealth        | |  2.4

Action                   |  1- 3 |  4- 6 |  7- 9 | 10-12 || total
-------------------------+-------+-------+-------+-------++-------
Melee: Short sword       |       |     4 |       |       ||     4
       Dagger            |       |       |     7 |       ||     7
 Cast: Magic Dart        |    58 |    94 |    70 |    22 ||   244
       Searing Ray       |     1 |    19 |    47 |    24 ||    91
       Frozen Ramparts   |       |       |     5 |     9 ||    14
Invok: Channel Magic     |       |       |     1 |       ||     1
Evoke: Wand              |       |       |     1 |       ||     1
  Use: Scroll            |       |     2 |    10 |     1 ||    13
       Potion            |       |     1 |     1 |     1 ||     3
Armor: Robe              |       |     1 |     1 |       ||     2
       Acid dragon scale |       |       |     5 |     2 ||     7
       Leather armour    |       |       |       |     6 ||     6
Dodge: Dodged            |     3 |    11 |    13 |     8 ||    35
Block: Buckler           |       |       |     5 |     6 ||    11
